 Dungeon Crawl Stone Soup version 0.29-a0-789-g7a8fcbc185 (webtiles) character file.

Game seed: 2988252561969555005

160 gobodom the Digger (level 5, -4/28 HPs)
             Began as a Gargoyle Earth Elementalist on July 2, 2022.
             Was a High Priest of Ignis.
             Slain by Crazy Yiuf
             ... wielding a +2 quarterstaff of chaos
              (7 damage)
             ... on level 3 of the Dungeon.
             The game lasted 00:06:48 (2660 turns).

gobodom the Digger (Gargoyle Earth Elementalist)    Turns: 2660, Time: 00:06:51

Health: -4/28      AC:  9    Str: 11    XL:     5   Next: 41%
Magic:  7/10       EV: 12    Int: 18    God:    Ignis [*****.]
Gold:   131        SH:  0    Dex: 10    Spells: 10/11 levels left

rFire   + . .      SeeInvis .   n - +2 dagger (venom)
rCold   . . .      Faith    .   (no shield)
rNeg    + . .      Spirit   .   a - +0 robe
rPois   ∞          Reflect  .   d - +2 hat
rElec   +          Harm     .   p - +0 cloak
rCorr   .          Rampage  .   (no gloves)
Will    .....                   (no boots)
Stlth   ++........              (no amulet)
HPRegen 0.09/turn               (no ring)
MPRegen 0.12/turn               (no ring)

@: hasted, very quick
A: sickness immunity, AC +4, negative energy resistance 1, electricity
resistance, torment resistance 1, petrification resistance
a: Renounce Religion, Fiery Armour, Foxfire Swarm, Rising Flame


You were on level 3 of the Dungeon.
You worshipped Ignis.
Ignis was extremely pleased with you.
You visited 1 branch of the dungeon, and saw 3 of its levels.

You collected 131 gold pieces.

Inventory:

Hand Weapons
 n - a +2 dagger of venom (weapon)
Missiles
 t - 5 poisoned darts
Armour
 a - a +0 robe (worn)
 d - a +2 hat (worn)
 p - a +0 cloak (worn)
Scrolls
 c - a scroll of noise {unknown}
 i - a scroll of poison {unknown}
 l - 2 scrolls of teleportation {unknown}
 m - a scroll of amnesia {unknown}
 o - a scroll of fear {unknown}
 r - a scroll of blinking {unknown}
 s - a scroll of identify {unknown}
Potions
 b - a potion of magic
 e - a potion of might {unknown}
 f - 3 potions of attraction {unknown}
 g - a potion of berserk rage {unknown}
 h - 3 potions of brilliance {unknown}
 j - 2 potions of haste {unknown}
 k - 3 potions of curing {unknown}
 q - a potion of heal wounds {unknown}


   Skills:
 + Level 0.2 Fighting
 + Level 0.1 Short Blades
 + Level 1.7 Dodging
 + Level 3.1 Stealth
 + Level 3.6 Spellcasting
 + Level 0.7 Transmutations
 + Level 5.1 Earth Magic


You had 10 spell levels left.
You knew the following spells:

 Your Spells              Type           Power      Damage    Failure   Level
a - Sandblast             Erth           42%        2d11      1%          1

Your spell library contained the following spells:

 Spells                   Type           Power      Damage    Failure   Level
 Passwall                 Tmut/Erth      10%        N/A       7%          2
 Stone Arrow              Conj/Erth      24%        3d8       16%         3
 Static Discharge         Conj/Air       3%         3-4/arc   24%         2
 Ignite Poison            Fire/Tmut/Pois 4%         N/A       38%         3
 Petrify                  Tmut/Erth      13%        N/A       41%         4
 Conjure Flame            Conj/Fire      3%         6-21      43%         3
 Sticky Flame             Conj/Fire      3%         2d3       83%         4
 Lightning Bolt           Conj/Air       1%         1d12      99%         5
 Maxwell's Capacitive Co  Air            1%         ∞         100%        8


Dungeon Overview and Level Annotations

Branches:
Dungeon (3/15)

Altars:
Ignis

Annotations:
D:3 Crazy Yiuf


Innate Abilities, Weirdness & Mutations

You are immune to sickness and miasma.
Your stone body is resilient. (AC +4)
You are immune to poison.
You resist negative energy. (rN+)
You are resistant to electric shocks. (rElec)
You are resistant to unholy torment.
You are immune to petrification.


Message History

t - 5 poisoned darts A ball python comes into view.
You can't see any susceptible monsters within range! (Use Z to cast anyway.)
The blast of sand hits the ball python!
You kill the ball python!
Found a hammer.
Found a runed translucent door.
Crazy Yiuf shouts!
You open the door.
The blast of sand hits Crazy Yiuf.
Crazy Yiuf is lightly wounded.
Crazy Yiuf hits you but does no damage.
The blast of sand hits Crazy Yiuf but does no damage.
Crazy Yiuf is lightly wounded.
Crazy Yiuf hits you with a +2 quarterstaff of chaos! x2
You are too injured to fight recklessly!
You are too injured to fight recklessly!
You are too injured to fight recklessly!
Casting: Sandblast (safe; 1% risk of failure)
Confirm with . or Enter, or press ? or * to list all spells.
Aiming: Sandblast (safe; 1% risk of failure)
Press: ? - help, Shift-Dir - straight line, f/p - Crazy Yiuf
Aim: Crazy Yiuf, wielding a +2 quarterstaff of chaos and wearing a +2 cloak of willpower (lightly wounded, 83% to hit)
The blast of sand hits Crazy Yiuf but does no damage.
Crazy Yiuf is lightly wounded.
Crazy Yiuf cries, "Mugger!"
Crazy Yiuf barely misses you. x2
Casting: Sandblast (safe; 1% risk of failure)
Confirm with . or Enter, or press ? or * to list all spells.
Aiming: Sandblast (safe; 1% risk of failure)
Press: ? - help, Shift-Dir - straight line, f/p - Crazy Yiuf
Aim: Crazy Yiuf, wielding a +2 quarterstaff of chaos and wearing a +2 cloak of willpower (lightly wounded, 83% to hit)
The blast of sand hits Crazy Yiuf but does no damage.
Crazy Yiuf is lightly wounded.
Crazy Yiuf hits you with a +2 quarterstaff of chaos.
* * * LOW HITPOINT WARNING * * *
You feel yourself speed up.
Crazy Yiuf hits you with a +2 quarterstaff of chaos.
* * * LOW HITPOINT WARNING * * *
Space warps around you!
You die...

................########.##.....#
....#.#.#+#.....#...............#
....#.#.....#####...........).###
....#.#.##### ########......#
......#.# #......# ........#
#......# ........##♣♣ ###
#......### ........#.P♣♣ ♣♣#..)#
#......... ...>........♣♣♣♣@g...#
#......### .............♣..♣#...#
#.#....... #.......#.P.♣.♣♣♣ ###
#.#....... ........##♣♣♣♣♣
#.#....... ........# #.#.......
........################.#.######
.................##......#.......
................#.......##.......
.#.............##................


You could see Crazy Yiuf.

Vanquished Creatures
  A necrophage (D:3)
  5 adders
  2 worms (D:2)
  2 dart slugs (D:2)
  An orc (D:3)
  2 endoplasms
  4 giant cockroaches
  4 goblins
  3 hobgoblins
  A quokka (D:1)
  5 ball pythons
  5 bats
  3 frilled lizards
  6 kobolds
  3 rats (D:1)
47 creatures vanquished.

Notes
Turn   | Place    | Note
-------+----------+-------------------------------------------
     0 | D:1      | gobodom the Gargoyle Earth Elementalist began the quest for
                  | the Orb.
     0 | D:1      | Reached XP level 1. HP: 10/10 MP: 3/3
   405 | D:1      | Reached XP level 2. HP: 15/15 MP: 3/5
   516 | D:1      | Reached skill level 4 in Earth Magic
   916 | D:2      | Reached XP level 3. HP: 19/19 MP: 0/6
  1260 | D:2      | Reached XP level 4. HP: 24/24 MP: 5/8
  1326 | D:2      | Found a faded altar of an unknown god.
  1329 | D:2      | Prayed at the altar of an unknown god.
  1329 | D:2      | Became a worshipper of Ignis, the Dying Flame
  2309 | D:3      | Noticed a necrophage
  2319 | D:3      | Killed a necrophage
  2320 | D:3      | Reached skill level 5 in Earth Magic
  2320 | D:3      | Reached XP level 5. HP: 19/28 MP: 2/10
  2524 | D:3      | Found a runed translucent door.
  2525 | D:3      | Noticed Crazy Yiuf
  2660 | D:3      | Slain by Crazy Yiuf

Illustrated notes

Levels and vault maps discovered:
D:1:      dpeg_arrival_rooms_c, layout_loops_ring
D:2:      layout_loops_ring, shapermc_ecumenical_altar_mp_vishouse, st_stairs_9
D:3:      layout_basic, uniq_crazy_yiuf_cottage

Skill      XL: |  1  2  3  4 |
---------------+-------------+-----
Earth Magic    | 4 5 |  5.1
Stealth        | 3 |  3.1
Spellcasting   | 3 |  3.6
Fighting       | |  0.2
Short Blades   | |  0.1
Dodging        | |  1.7
Transmutations | |  0.7

Action                   |  1- 3 |  4- 6 || total
-------------------------+-------+-------++-------
Melee: Falchion          |    17 |       ||    17
       Dagger            |     1 |     8 ||     9
 Cast: Sandblast         |    35 |    27 ||    62
 Stab: Sleeping          |     1 |       ||     1
Armor: Robe              |    25 |    12 ||    37
Dodge: Dodged            |    31 |    17 ||    48

Table legend: (Time is in decaauts)
 A = Elapsed time spent in this place.
 B = Non-inter-level travel time spent in this place.
 C = Inter-level travel time spent in this place.
 D = Time resting spent in this place.
 E = Time spent auto-exploring this place.
 F = Levels seen in this place.
 G = Mean time per level.
                   A        B        C        D        E       F      G
               +--------+--------+--------+--------+--------+-----+--------+
         Total |   2730 |   2651 |     79 |      0 |   2263 |   3 |  910.0 |
       Dungeon |   2730 |   2651 |     79 |      0 |   2263 |   3 |  910.0 |
               +--------+--------+--------+--------+--------+-----+--------+

Top non-repeatable levels by time:
     D:1: 934 daAuts
     D:2: 906 daAuts
     D:3: 889 daAuts
